Dynamic Boxscore Link
Portland
Twisters
18-19
2
FINAL
3
Seattle
Stormbreakers
16-30
Summary
Boxscore
Lineups
Recap

1st Period

1-0 STMScore
4:18Time
5v5Type
2-0 STMScore
18:33Time
PPType

2nd Period

3-0 STMScore
4:08Time
5v5Type
3-1 STMScore
13:06Time
5v5Type
3-2 STMScore
14:07Time
5v5Type

Penalties

1st Period
Konstantin Pastushenko (TWI) for Tripping (Minor) at 5:52
Mikhail Pervago (TWI) for Holding Stick (Minor) at 17:23
2nd Period
Anrei Loukonen (STM) for High sticking (Minor) at 7:52
3rd Period
Jan Poulsen (STM) for Slashing (Minor) at 0:19
Konosuke Matsui (STM) for Holding (Minor) at 16:56
TWI
STM

Portland Twisters

# Player Pos G A PTS +/- S PIM TOI SB Hits GA TA
0 B.J. Zack RW 1 0 1 0 1 0 08:13 0 4 0 0
97 Maksim Rutenka C 0 1 1 1 2 0 18:34 1 1 0 0
34 Daulton Millar RW 0 1 1 1 6 0 18:24 1 3 1 0
88 Sergey Trofimov LW 0 1 1 0 1 0 08:13 0 0 0 0
22 Jordie Daley LW 1 0 1 1 5 0 18:37 0 1 1 0
0 Kolby Whitecotton D 0 1 1 1 0 0 19:30 2 3 0 0
0 Toby Hornbrook D 0 0 0 0 1 0 18:44 2 2 0 0
0 Reed Chubak C 0 0 0 -1 1 0 13:34 0 0 0 0
0 Greyson Tordoff C 0 0 0 0 0 0 17:58 0 0 1 0
0 Sterling Bosse D 0 0 0 0 0 0 22:26 0 0 0 1
80 Konstantin Pastushenko RW 0 0 0 -1 2 2 14:37 1 2 0 0
0 Tommy Van Loon RW 0 0 0 0 1 0 13:50 0 0 0 0
0 Kenneth Pehrson LW 0 0 0 -1 0 0 17:52 1 2 0 0
0 Mikhail Pervago D 0 0 0 1 2 2 19:37 0 1 0 0
0 Regis Kaylor D 0 0 0 -1 4 0 22:07 1 2 0 1
0 Diederik Van Der Loo LW 0 0 0 0 0 0 17:04 1 7 0 0
0 Linley Walgrove C 0 0 0 0 0 0 09:54 0 1 0 0
0 Taras Pervago D 0 0 0 -1 1 0 17:35 1 0 0 0
# Goalie GA SA SV SV% TOI
1 Ash Galvin 0 0 0 0.000 0:00
0 Derek Bhungal 3 39 36 0.923 59:14
TWI
STM

Twisters

Twisters

5 vs 5 Forward
Line #Left WingCenterRight WingPHYDFOFWanted %Time %Time Play
1Jordie DaleyMaksim RutenkaDaulton Millar0233028%14:06
2Diederik Van Der LooGreyson TordoffTommy Van Loon0323028%13:57
3Kenneth PehrsonReed ChubakKonstantin Pastushenko0233027%13:34
4Sergey TrofimovLinley WalgroveB.J. Zack0321016%8:13
5 vs 5 Defense
Line #DefenseDefensePHYDFOFWanted %Time %Time Play
1Regis KaylorTaras Pervago0413535%17:34
2Sterling BosseToby Hornbrook0413535%17:32
3Kolby WhitecottonMikhail Pervago0413029%14:18
4Taras PervagoKolby Whitecotton04101%0:26
Power Play Forward
Line #Left WingCenterRight WingPHYDFOFWanted %Time %Time Play
1Kenneth PehrsonMaksim RutenkaDiederik Van Der Loo0056057%3:24
2Jordie DaleyGreyson TordoffDaulton Millar0054043%2:33
Power Play Defense
Line #DefenseDefensePHYDFOFWanted %Time %Time Play
1Sterling BosseMikhail Pervago0146059%3:31
2Kolby WhitecottonRegis Kaylor0144041%2:26
Penalty Kill 4 Players Forward
Line #CenterWingPHYDFOFWanted %Time %Time Play
1Greyson TordoffDaulton Millar0505047%1:28
2Linley WalgroveJordie Daley0505053%1:41
Penalty Kill 4 Players Defense
Line #DefenseDefensePHYDFOFWanted %Time %Time Play
1Kolby WhitecottonMikhail Pervago0505056%1:45
2Regis KaylorSterling Bosse0505044%1:24
Penalty Kill 3 Players
Line #WingPHYDFOFWanted %Time %Time PlayDefenseDefensePHYDFOFWanted %Time %Time Play
1Greyson Tordoff140500%0:00 Regis KaylorMikhail Pervago140500%0:00
2Reed Chubak140500%0:00 Kolby WhitecottonSterling Bosse140500%0:00
4 vs 4 Forward
Line #CenterWingPHYDFOFWanted %Time %Time Play
1Maksim RutenkaJordie Daley023500%0:00
2Greyson TordoffKenneth Pehrson023500%0:00
4 vs 4 Defense
Line #DefensePHYDFOFWanted %Time %Time Play
1Regis KaylorToby Hornbrook023500%0:00
2Mikhail PervagoSterling Bosse032500%0:00
Last Minutes Offensive
Left WingCenterRight WingDefenseDefense
Kenneth PehrsonMaksim RutenkaKonstantin PastushenkoRegis KaylorMikhail Pervago
Last Minutes Defensive
Left WingCenterRight WingDefenseDefense
Kenneth PehrsonReed ChubakKonstantin PastushenkoMikhail PervagoRegis Kaylor
Time
Total ForwardTotal DefenseLast Minutes OffensiveLast Minutes Defensive
60:00 60:00 1:040:00
Extra Forwards
Normal PowerPlayPenalty Kill
Maksim Rutenka, Greyson Tordoff, Kenneth PehrsonTommy Van Loon, Daulton MillarKenneth Pehrson
Extra Defensemen
Normal PowerPlayPenalty Kill
Toby Hornbrook, Regis Kaylor, Mikhail PervagoMikhail Pervago, Regis KaylorMikhail Pervago
Penalty Shots
Sterling Bosse, Kenneth Pehrson, Maksim Rutenka, Regis Kaylor, Diederik Van Der Loo
Goalie
Derek Bhungal, Ash Galvin
Custom OT Lines Forwards
Maksim Rutenka, Diederik Van Der Loo, Greyson Tordoff, Kenneth Pehrson, Linley Walgrove, Daulton Millar, Reed Chubak, Jordie Daley, Tommy Van Loon, Konstantin Pastushenko
Custom OT Lines Defensemen
Mikhail Pervago, Toby Hornbrook, Sterling Bosse, Regis Kaylor, Kolby Whitecotton
Scratches
Yohann Gaudet (Left Knee Injury)
1st Period

0:01 of 1st period - Wray Flamand wins face-off versus Maksim Rutenka in neutral zone.
0:01 of 1st period - Wray Flamand is hit by Jordie Daley.
1:02 of 1st period - Snap shot by Moses Schira.
1:02 of 1st period - Stopped by Derek Bhungal without a rebound.
1:03 of 1st period - Reed Chubak wins face-off versus Blaz Ivanic in Twisters zone.
1:03 of 1st period - Reed Chubak is hit by Bernt-Erik Takkinen.
1:06 of 1st period - Icing by Kenneth Pehrson.
1:07 of 1st period - Blaz Ivanic wins face-off versus Konstantin Pastushenko in Twisters zone.
1:14 of 1st period - Snap shot by Blaz Ivanic.
1:14 of 1st period - Stopped by Derek Bhungal with a rebound.
1:16 of 1st period - Snap shot by Ken Maclewis.
1:16 of 1st period - Stopped by Derek Bhungal with a rebound.
1:18 of 1st period - Slapshot by Vladilen Avtomov.
1:18 of 1st period - Stopped by Derek Bhungal with a rebound.
2:14 of 1st period - Wrist shot by Blaz Ivanic.
2:14 of 1st period - Shot Blocked by Daulton Millar.
2:16 of 1st period - Slapshot by Jerri Narmala.
2:16 of 1st period - Stopped by Derek Bhungal without a rebound.
2:17 of 1st period - Blaz Ivanic wins face-off versus Greyson Tordoff in Twisters zone.
3:20 of 1st period - Slapshot by Konosuke Matsui.
3:20 of 1st period - Shot Misses the Net.
3:22 of 1st period - Slapshot by Konosuke Matsui.
3:22 of 1st period - Stopped by Derek Bhungal without a rebound.
3:23 of 1st period - Ivan Crete wins face-off versus Greyson Tordoff in Twisters zone.
3:38 of 1st period - Slapshot by Diederik Van Der Loo.
3:38 of 1st period - Shot Blocked by Keli Parayko.
3:38 of 1st period - Keli Parayko from Stormbreakers is injured at 3:38 of 1st period (Sprained Right Finger).
3:39 of 1st period - Reed Chubak wins face-off versus Wray Flamand in Stormbreakers zone.
3:40 of 1st period - Wrist shot by Konstantin Pastushenko.
3:40 of 1st period - Shot Misses the Net.
4:16 of 1st period - Slapshot by Anrei Loukonen.
4:16 of 1st period - Shot Misses the Net.
4:18 of 1st period - Snap shot by Anrei Loukonen.
4:18 of 1st period - Goal by Anrei Loukonen - Twisters : 0 - Stormbreakers : 1.
4:19 of 1st period - Zane Bourbonnais wins face-off versus Greyson Tordoff in neutral zone.
4:22 of 1st period - Slapshot by Israel Swenson.
4:22 of 1st period - Shot Blocked by Kolby Whitecotton.
4:58 of 1st period - Jordie Daley is hit by Ivan Crete and loses puck.
5:13 of 1st period - Snap shot by Maksim Rutenka.
5:13 of 1st period - Shot Hit the Post.
5:15 of 1st period - Slapshot by Mikhail Pervago.
5:15 of 1st period - Deflect By Patrik Kosatka.
5:15 of 1st period - Stopped by Karl Pyy without a rebound.
5:16 of 1st period - Zane Bourbonnais wins face-off versus Reed Chubak in Stormbreakers zone.
5:22 of 1st period - Off-side.
5:23 of 1st period - Zane Bourbonnais wins face-off versus Greyson Tordoff in neutral zone.
5:47 of 1st period - Snap shot by Zane Bourbonnais.
5:47 of 1st period - Deflect By Moses Schira.
5:47 of 1st period - Stopped by Derek Bhungal with a rebound.
5:49 of 1st period - Slapshot by Vladilen Avtomov.
5:49 of 1st period - Stopped by Derek Bhungal without a rebound.
5:50 of 1st period - Reed Chubak wins face-off versus Ivan Crete in Twisters zone.
5:52 of 1st period - Minor Penalty to Konstantin Pastushenko for Tripping.
5:53 of 1st period - Daulton Millar wins face-off versus Ivan Crete in Twisters zone.
6:19 of 1st period - Anrei Loukonen is hit by Mikhail Pervago.
6:45 of 1st period - Daulton Millar is hit by Ivan Crete and loses puck.
7:26 of 1st period - Rasmus Koso is hit by Kolby Whitecotton and loses puck.
7:52 of 1st period - Penalty to Konstantin Pastushenko is over, Konstantin Pastushenko is back on ice.
8:21 of 1st period - Slapshot by Ken Maclewis.
8:21 of 1st period - Deflect By Greyson Tordoff.
8:21 of 1st period - Stopped by Derek Bhungal with a rebound.
8:39 of 1st period - Ken Maclewis is hit by B.J. Zack and loses puck.
9:19 of 1st period - Kolby Whitecotton is hit by Anrei Loukonen and loses puck.
9:40 of 1st period - Wrist shot by Tommy Van Loon.
9:40 of 1st period - Stopped by Karl Pyy without a rebound.
9:41 of 1st period - Ivan Crete wins face-off versus Reed Chubak in Stormbreakers zone.
9:41 of 1st period - Ivan Crete is hit by Konstantin Pastushenko.
10:05 of 1st period - Snap shot by Wray Flamand.
10:05 of 1st period - Stopped by Derek Bhungal with a rebound.
10:25 of 1st period - Moses Schira is hit by Diederik Van Der Loo and loses puck.
11:13 of 1st period - Ivan Crete is hit by Daulton Millar and loses puck.
12:28 of 1st period - Rasmus Koso is hit by Daulton Millar and loses puck.
12:56 of 1st period - Snap shot by Sergey Trofimov.
12:56 of 1st period - Stopped by Karl Pyy with a rebound.
13:09 of 1st period - Sterling Bosse is hit by Moses Schira and loses puck.
13:36 of 1st period - Slapshot by Ken Maclewis.
13:36 of 1st period - Stopped by Derek Bhungal with a rebound.
13:38 of 1st period - Slapshot by Ken Maclewis.
13:38 of 1st period - Shot Blocked by Kenneth Pehrson.
13:40 of 1st period - Slapshot by Jerri Narmala.
13:40 of 1st period - Stopped by Derek Bhungal with a rebound.
13:42 of 1st period - Slapshot by Blaz Ivanic.
13:42 of 1st period - Shot Misses the Net.
14:00 of 1st period - Jordie Daley is hit by Anrei Loukonen and loses puck.
15:30 of 1st period - Slapshot by Jordie Daley.
15:30 of 1st period - Stopped by Karl Pyy with a rebound.
15:36 of 1st period - Wray Flamand is hit by Maksim Rutenka and loses puck.
15:51 of 1st period - Rodion Betremeyev is hit by B.J. Zack and loses puck.
16:03 of 1st period - Jerri Narmala is hit by B.J. Zack and loses puck.
16:12 of 1st period - Toby Hornbrook is hit by Per-Axel Ekengren and loses puck.
16:25 of 1st period - Wrist shot by Rodion Betremeyev.
16:25 of 1st period - Shot Misses the Net.
16:27 of 1st period - Slapshot by Patrik Kosatka.
16:27 of 1st period - Stopped by Derek Bhungal with a rebound.
16:29 of 1st period - Wrist shot by Rodion Betremeyev.
16:29 of 1st period - Shot Misses the Net.
16:31 of 1st period - Wrist shot by Per-Axel Ekengren.
16:31 of 1st period - Shot Misses the Net.
16:35 of 1st period - Slapshot by Rodion Betremeyev.
16:35 of 1st period - Stopped by Derek Bhungal without a rebound.
16:36 of 1st period - Jan Poulsen wins face-off versus Maksim Rutenka in Twisters zone.
16:37 of 1st period - Slapshot by Konosuke Matsui.
16:37 of 1st period - Stopped by Derek Bhungal with a rebound.
16:49 of 1st period - Wrist shot by Jordie Daley.
16:49 of 1st period - Stopped by Karl Pyy with a rebound.
16:51 of 1st period - Slapshot by Taras Pervago.
16:51 of 1st period - Shot Blocked by Wray Flamand.
16:53 of 1st period - Snap shot by Jordie Daley.
16:53 of 1st period - Stopped by Karl Pyy with a rebound.
17:00 of 1st period - Icing by Konosuke Matsui.
17:01 of 1st period - Reed Chubak wins face-off versus Blaz Ivanic in Stormbreakers zone.
17:05 of 1st period - Icing by Rasmus Koso.
17:06 of 1st period - Reed Chubak wins face-off versus Blaz Ivanic in Stormbreakers zone.
17:23 of 1st period - Minor Penalty to Mikhail Pervago for Holding Stick.
17:24 of 1st period - Greyson Tordoff wins face-off versus Rodion Betremeyev in Twisters zone.
18:31 of 1st period - Slapshot by Rasmus Koso.
18:31 of 1st period - Shot Blocked by Toby Hornbrook.
18:33 of 1st period - Wrist shot by Wray Flamand.
18:33 of 1st period - Deflect By Anrei Loukonen.
18:33 of 1st period - Goal by Anrei Loukonen - Twisters : 0 - Stormbreakers : 2.
18:34 of 1st period - Maksim Rutenka wins face-off versus Ivan Crete in neutral zone.
18:41 of 1st period - Wrist shot by Daulton Millar.
18:41 of 1st period - Stopped by Karl Pyy without a rebound.
18:42 of 1st period - Maksim Rutenka wins face-off versus Ivan Crete in Stormbreakers zone.
18:43 of 1st period - Slapshot by Daulton Millar.
18:43 of 1st period - Stopped by Karl Pyy with a rebound.
18:45 of 1st period - Slapshot by Jordie Daley.
18:45 of 1st period - Shot Misses the Net.
18:47 of 1st period - Slapshot by Regis Kaylor.
18:47 of 1st period - Stopped by Karl Pyy with a rebound.
18:49 of 1st period - Slapshot by Taras Pervago.
18:49 of 1st period - Stopped by Karl Pyy without a rebound.
18:50 of 1st period - Wray Flamand wins face-off versus Greyson Tordoff in Stormbreakers zone.
19:06 of 1st period - Snap shot by Ken Maclewis.
19:06 of 1st period - Shot Misses the Net.
19:26 of 1st period - Snap shot by Daulton Millar.
19:26 of 1st period - Deflect By Zane Bourbonnais.
19:26 of 1st period - Shot Misses the Net.
19:26 of 1st period - Puck is out of play.
19:27 of 1st period - Reed Chubak wins face-off versus Wray Flamand in Stormbreakers zone.
19:56 of 1st period - Slapshot by Jordie Daley.
19:56 of 1st period - Shot Blocked by Konosuke Matsui.
Goals for this period are 0 for Twisters vs 2 for Stormbreakers.
Shots for this period are 10 for Twisters vs 17 for Stormbreakers.
2nd Period

0:01 of 2nd period - Greyson Tordoff wins face-off versus Wray Flamand in neutral zone.
0:04 of 2nd period - Jan Poulsen is hit by Diederik Van Der Loo and loses puck.
0:15 of 2nd period - Slapshot by Konosuke Matsui.
0:15 of 2nd period - Stopped by Derek Bhungal with a rebound.
0:17 of 2nd period - Slapshot by Rasmus Koso.
0:17 of 2nd period - Stopped by Derek Bhungal without a rebound.
0:18 of 2nd period - Blaz Ivanic wins face-off versus Maksim Rutenka in Twisters zone.
0:33 of 2nd period - Slapshot by Daulton Millar.
0:33 of 2nd period - Shot Misses the Net.
1:18 of 2nd period - Wrist shot by Sergey Trofimov.
1:18 of 2nd period - Shot Blocked by Vladilen Avtomov.
3:21 of 2nd period - Jerri Narmala is hit by Toby Hornbrook.
3:40 of 2nd period - Greyson Tordoff is hit by Per-Axel Ekengren and loses puck.
3:47 of 2nd period - Konosuke Matsui is hit by Diederik Van Der Loo and loses puck.
4:06 of 2nd period - Snap shot by Moses Schira.
4:06 of 2nd period - Shot Misses the Net.
4:08 of 2nd period - Slapshot by Konosuke Matsui.
4:08 of 2nd period - Goal by Konosuke Matsui - Twisters : 0 - Stormbreakers : 3.
4:09 of 2nd period - Maksim Rutenka wins face-off versus Wray Flamand in neutral zone.
4:12 of 2nd period - Wrist shot by Maksim Rutenka.
4:12 of 2nd period - Stopped by Karl Pyy with a rebound.
4:18 of 2nd period - Snap shot by Daulton Millar.
4:18 of 2nd period - Stopped by Karl Pyy with a rebound.
4:20 of 2nd period - Slapshot by Maksim Rutenka.
4:20 of 2nd period - Shot Misses the Net.
4:22 of 2nd period - Slapshot by Sterling Bosse.
4:22 of 2nd period - Shot Blocked by Ken Maclewis.
4:24 of 2nd period - Snap shot by Jordie Daley.
4:24 of 2nd period - Shot Misses the Net.
4:26 of 2nd period - Slapshot by Daulton Millar.
4:26 of 2nd period - Deflect By Jordie Daley.
4:26 of 2nd period - Stopped by Karl Pyy with a rebound.
4:36 of 2nd period - Jerri Narmala is hit by Diederik Van Der Loo and loses puck.
5:03 of 2nd period - Off-side.
5:04 of 2nd period - Ivan Crete wins face-off versus Maksim Rutenka in neutral zone.
5:07 of 2nd period - Slapshot by Konosuke Matsui.
5:07 of 2nd period - Stopped by Derek Bhungal without a rebound.
5:08 of 2nd period - Maksim Rutenka wins face-off versus Zane Bourbonnais in Twisters zone.
5:08 of 2nd period - Maksim Rutenka is hit by Zane Bourbonnais.
5:57 of 2nd period - Wrist shot by Kenneth Pehrson.
5:57 of 2nd period - Shot Misses the Net.
5:59 of 2nd period - Wrist shot by Greyson Tordoff.
5:59 of 2nd period - Shot Misses the Net.
6:01 of 2nd period - Slapshot by Taras Pervago.
6:01 of 2nd period - Shot Blocked by Rodion Betremeyev.
6:03 of 2nd period - Slapshot by Regis Kaylor.
6:03 of 2nd period - Shot Misses the Net.
6:05 of 2nd period - Slapshot by Regis Kaylor.
6:05 of 2nd period - Stopped by Karl Pyy without a rebound.
6:06 of 2nd period - Greyson Tordoff wins face-off versus Wray Flamand in Stormbreakers zone.
6:33 of 2nd period - Moses Schira is hit by Konstantin Pastushenko and loses puck.
6:44 of 2nd period - Snap shot by Israel Swenson.
6:44 of 2nd period - Shot Blocked by Konstantin Pastushenko.
7:00 of 2nd period - Snap shot by Per-Axel Ekengren.
7:00 of 2nd period - Shot Misses the Net.
7:14 of 2nd period - Slapshot by Blaz Ivanic.
7:14 of 2nd period - Stopped by Derek Bhungal without a rebound.
7:15 of 2nd period - Linley Walgrove wins face-off versus Blaz Ivanic in Twisters zone.
7:45 of 2nd period - Wrist shot by Anrei Loukonen.
7:45 of 2nd period - Shot Misses the Net.
7:52 of 2nd period - Minor Penalty to Anrei Loukonen for High sticking.
7:53 of 2nd period - Wray Flamand wins face-off versus Maksim Rutenka in Stormbreakers zone.
8:06 of 2nd period - Per-Axel Ekengren is hit by Diederik Van Der Loo and loses puck.
8:23 of 2nd period - Slapshot by Greyson Tordoff.
8:23 of 2nd period - Shot Blocked by Rasmus Koso.
9:34 of 2nd period - Kenneth Pehrson is hit by Rasmus Koso and loses puck.
9:51 of 2nd period - Greyson Tordoff is hit by Jerri Narmala and loses puck.
9:52 of 2nd period - Penalty to Anrei Loukonen is over, Anrei Loukonen is back on ice.
10:06 of 2nd period - Snap shot by Per-Axel Ekengren.
10:06 of 2nd period - Stopped by Derek Bhungal with a rebound.
10:08 of 2nd period - Slapshot by Jerri Narmala.
10:08 of 2nd period - Stopped by Derek Bhungal without a rebound.
10:09 of 2nd period - Linley Walgrove wins face-off versus Zane Bourbonnais in Twisters zone.
11:20 of 2nd period - Slapshot by Sergey Trofimov.
11:20 of 2nd period - Shot Blocked by Konosuke Matsui.
11:32 of 2nd period - Slapshot by Konosuke Matsui.
11:32 of 2nd period - Shot Misses the Net.
11:53 of 2nd period - Bernt-Erik Takkinen is hit by Diederik Van Der Loo and loses puck.
12:39 of 2nd period - Rodion Betremeyev is hit by Kolby Whitecotton and loses puck.
12:53 of 2nd period - Rodion Betremeyev is hit by Toby Hornbrook and loses puck.
13:02 of 2nd period - Wrist shot by Maksim Rutenka.
13:02 of 2nd period - Stopped by Karl Pyy with a rebound.
13:04 of 2nd period - Snap shot by Maksim Rutenka.
13:04 of 2nd period - Shot Blocked by Konosuke Matsui.
13:06 of 2nd period - Wrist shot by Jordie Daley.
13:06 of 2nd period - Goal by Jordie Daley - Twisters : 1 - Stormbreakers : 3.
13:07 of 2nd period - Wray Flamand wins face-off versus Greyson Tordoff in neutral zone.
13:14 of 2nd period - Snap shot by Jan Poulsen.
13:14 of 2nd period - Stopped by Derek Bhungal with a rebound.
13:56 of 2nd period - Konosuke Matsui is hit by Linley Walgrove and loses puck.
14:03 of 2nd period - Wrist shot by Sergey Trofimov.
14:03 of 2nd period - Shot Misses the Net.
14:05 of 2nd period - Slapshot by Kolby Whitecotton.
14:05 of 2nd period - Shot Blocked by Rasmus Koso.
14:07 of 2nd period - Wrist shot by B.J. Zack.
14:07 of 2nd period - Goal by B.J. Zack - Twisters : 2 - Stormbreakers : 3.
14:08 of 2nd period - Wray Flamand wins face-off versus Maksim Rutenka in neutral zone.
15:00 of 2nd period - Snap shot by Ivan Crete.
15:00 of 2nd period - Shot Hit the Post.
15:03 of 2nd period - Icing by Konstantin Pastushenko.
15:04 of 2nd period - Wray Flamand wins face-off versus Reed Chubak in Twisters zone.
15:05 of 2nd period - Slapshot by Konosuke Matsui.
15:05 of 2nd period - Stopped by Derek Bhungal with a rebound.
15:07 of 2nd period - Backhand shot by Wray Flamand.
15:07 of 2nd period - Deflect By Regis Kaylor.
15:07 of 2nd period - Shot Blocked by Regis Kaylor.
15:07 of 2nd period - Puck is out of play.
15:08 of 2nd period - Wray Flamand wins face-off versus Maksim Rutenka in Twisters zone.
15:35 of 2nd period - Taras Pervago is hit by Rasmus Koso and loses puck.
16:24 of 2nd period - Snap shot by Moses Schira.
16:24 of 2nd period - Stopped by Derek Bhungal without a rebound.
16:25 of 2nd period - Linley Walgrove wins face-off versus Ivan Crete in Twisters zone.
16:41 of 2nd period - Wrist shot by Mikhail Pervago.
16:41 of 2nd period - Stopped by Karl Pyy with a rebound.
16:49 of 2nd period - Backhand shot by Linley Walgrove.
16:49 of 2nd period - Shot Misses the Net.
16:51 of 2nd period - Slapshot by Regis Kaylor.
16:51 of 2nd period - Stopped by Karl Pyy without a rebound.
16:52 of 2nd period - Wray Flamand wins face-off versus Maksim Rutenka in Stormbreakers zone.
16:54 of 2nd period - Icing by Anrei Loukonen.
16:55 of 2nd period - Maksim Rutenka wins face-off versus Wray Flamand in Stormbreakers zone.
16:58 of 2nd period - Snap shot by Daulton Millar.
16:58 of 2nd period - Stopped by Karl Pyy without a rebound.
16:59 of 2nd period - Maksim Rutenka wins face-off versus Wray Flamand in Stormbreakers zone.
17:02 of 2nd period - Snap shot by Maksim Rutenka.
17:02 of 2nd period - Shot Misses the Net.
17:13 of 2nd period - Snap shot by Anrei Loukonen.
17:13 of 2nd period - Stopped by Derek Bhungal with a rebound.
17:15 of 2nd period - Slapshot by Jerri Narmala.
17:15 of 2nd period - Shot Misses the Net.
18:16 of 2nd period - Snap shot by Blaz Ivanic.
18:16 of 2nd period - Shot Misses the Net.
18:22 of 2nd period - Bernt-Erik Takkinen is hit by Diederik Van Der Loo.
18:32 of 2nd period - Snap shot by Jerri Narmala.
18:32 of 2nd period - Stopped by Derek Bhungal with a rebound.
19:29 of 2nd period - Slapshot by Israel Swenson.
19:29 of 2nd period - Deflect By Zane Bourbonnais.
19:29 of 2nd period - Stopped by Derek Bhungal without a rebound.
19:30 of 2nd period - Reed Chubak wins face-off versus Ivan Crete in Twisters zone.
19:39 of 2nd period - Wrist shot by Konstantin Pastushenko.
19:39 of 2nd period - Stopped by Karl Pyy without a rebound.
19:40 of 2nd period - Reed Chubak wins face-off versus Ivan Crete in Stormbreakers zone.
19:45 of 2nd period - Snap shot by Kenneth Pehrson.
19:45 of 2nd period - Shot Misses the Net.
19:47 of 2nd period - Slapshot by Toby Hornbrook.
19:47 of 2nd period - Deflect By Rasmus Koso.
19:47 of 2nd period - Stopped by Karl Pyy with a rebound.
19:49 of 2nd period - Backhand shot by Konstantin Pastushenko.
19:49 of 2nd period - Stopped by Karl Pyy with a rebound.
19:51 of 2nd period - Snap shot by Reed Chubak.
19:51 of 2nd period - Deflect By Ivan Crete.
19:51 of 2nd period - Stopped by Karl Pyy without a rebound.
19:52 of 2nd period - Wray Flamand wins face-off versus Maksim Rutenka in Stormbreakers zone.
19:59 of 2nd period - Slapshot by Jordie Daley.
19:59 of 2nd period - Shot Misses the Net.
Goals for this period are 2 for Twisters vs 1 for Stormbreakers.
Shots for this period are 14 for Twisters vs 13 for Stormbreakers.
3rd Period

0:01 of 3rd period - Wray Flamand wins face-off versus Maksim Rutenka in neutral zone.
0:09 of 3rd period - Wrist shot by Wray Flamand.
0:09 of 3rd period - Shot Misses the Net.
0:19 of 3rd period - Minor Penalty to Jan Poulsen for Slashing.
0:20 of 3rd period - Ivan Crete wins face-off versus Maksim Rutenka in Stormbreakers zone.
0:32 of 3rd period - Snap shot by Maksim Rutenka.
0:32 of 3rd period - Shot Misses the Net.
0:34 of 3rd period - Wrist shot by Mikhail Pervago.
0:34 of 3rd period - Shot Blocked by Jerri Narmala.
2:19 of 3rd period - Penalty to Jan Poulsen is over, Jan Poulsen is back on ice.
2:25 of 3rd period - Linley Walgrove is hit by Vladilen Avtomov and loses puck.
3:12 of 3rd period - Israel Swenson is hit by B.J. Zack and loses puck.
3:28 of 3rd period - Off-side.
3:29 of 3rd period - Blaz Ivanic wins face-off versus Greyson Tordoff in neutral zone.
3:38 of 3rd period - Slapshot by Konosuke Matsui.
3:38 of 3rd period - Shot Blocked by Diederik Van Der Loo.
4:49 of 3rd period - Backhand shot by Israel Swenson.
4:49 of 3rd period - Deflect By Zane Bourbonnais.
4:49 of 3rd period - Shot Blocked by Kolby Whitecotton.
4:49 of 3rd period - Puck is out of play.
4:50 of 3rd period - Ivan Crete wins face-off versus Maksim Rutenka in Twisters zone.
4:51 of 3rd period - Snap shot by Rodion Betremeyev.
4:51 of 3rd period - Stopped by Derek Bhungal with a rebound.
4:57 of 3rd period - Wrist shot by Daulton Millar.
4:57 of 3rd period - Stopped by Karl Pyy with a rebound.
5:50 of 3rd period - Wrist shot by Kenneth Pehrson.
5:50 of 3rd period - Deflect By Konstantin Pastushenko.
5:50 of 3rd period - Shot Misses the Net.
5:50 of 3rd period - Puck is out of play.
5:51 of 3rd period - Ivan Crete wins face-off versus Maksim Rutenka in Stormbreakers zone.
6:43 of 3rd period - Sterling Bosse is hit by Zane Bourbonnais and loses puck.
7:39 of 3rd period - Rasmus Koso is hit by Regis Kaylor and loses puck.
7:47 of 3rd period - Icing by Konosuke Matsui.
7:48 of 3rd period - Ivan Crete wins face-off versus Reed Chubak in Stormbreakers zone.
7:48 of 3rd period - Ivan Crete is hit by Kenneth Pehrson.
7:54 of 3rd period - Slapshot by Rasmus Koso.
7:54 of 3rd period - Deflect By Wray Flamand.
7:54 of 3rd period - Stopped by Derek Bhungal without a rebound.
7:55 of 3rd period - Greyson Tordoff wins face-off versus Wray Flamand in Twisters zone.
8:19 of 3rd period - Icing by Vladilen Avtomov.
8:20 of 3rd period - Reed Chubak wins face-off versus Ivan Crete in Stormbreakers zone.
8:21 of 3rd period - Snap shot by Konstantin Pastushenko.
8:21 of 3rd period - Shot Misses the Net.
8:29 of 3rd period - Snap shot by Ivan Crete.
8:29 of 3rd period - Shot Misses the Net.
8:47 of 3rd period - Vladilen Avtomov is hit by Regis Kaylor and loses puck.
8:58 of 3rd period - Backhand shot by Per-Axel Ekengren.
8:58 of 3rd period - Shot Blocked by Taras Pervago.
9:00 of 3rd period - Slapshot by Jerri Narmala.
9:00 of 3rd period - Deflect By Regis Kaylor.
9:00 of 3rd period - Stopped by Derek Bhungal with a rebound.
9:02 of 3rd period - Slapshot by Konosuke Matsui.
9:02 of 3rd period - Deflect By Per-Axel Ekengren.
9:02 of 3rd period - Stopped by Derek Bhungal with a rebound.
9:04 of 3rd period - Wrist shot by Rodion Betremeyev.
9:04 of 3rd period - Stopped by Derek Bhungal without a rebound.
9:05 of 3rd period - Anrei Loukonen wins face-off versus Maksim Rutenka in Twisters zone.
9:53 of 3rd period - Icing by Mikhail Pervago.
9:54 of 3rd period - Greyson Tordoff wins face-off versus Zane Bourbonnais in Twisters zone.
10:05 of 3rd period - Wrist shot by Moses Schira.
10:05 of 3rd period - Shot Misses the Net.
10:28 of 3rd period - Wrist shot by Diederik Van Der Loo.
10:28 of 3rd period - Shot Misses the Net.
10:30 of 3rd period - Snap shot by Taras Pervago.
10:30 of 3rd period - Deflect By Tommy Van Loon.
10:30 of 3rd period - Shot Misses the Net.
10:30 of 3rd period - Puck is out of play.
10:31 of 3rd period - Ivan Crete wins face-off versus Reed Chubak in Stormbreakers zone.
11:05 of 3rd period - Off-side.
11:06 of 3rd period - Maksim Rutenka wins face-off versus Wray Flamand in neutral zone.
11:13 of 3rd period - Wrist shot by Daulton Millar.
11:13 of 3rd period - Stopped by Karl Pyy without a rebound.
11:14 of 3rd period - Wray Flamand wins face-off versus Maksim Rutenka in Stormbreakers zone.
11:25 of 3rd period - Wrist shot by Wray Flamand.
11:25 of 3rd period - Stopped by Derek Bhungal with a rebound.
11:39 of 3rd period - Jordie Daley is hit by Wray Flamand and loses puck.
12:22 of 3rd period - Wrist shot by Jan Poulsen.
12:22 of 3rd period - Deflect By Wray Flamand.
12:22 of 3rd period - Shot Misses the Net.
12:22 of 3rd period - Puck is out of play.
12:23 of 3rd period - Reed Chubak wins face-off versus Zane Bourbonnais in Twisters zone.
13:16 of 3rd period - Sergey Trofimov is hit by Vladilen Avtomov and loses puck.
13:43 of 3rd period - Off-side.
13:44 of 3rd period - Ivan Crete wins face-off versus Greyson Tordoff in neutral zone.
14:37 of 3rd period - Rasmus Koso is hit by Daulton Millar.
14:45 of 3rd period - Slapshot by Vladilen Avtomov.
14:45 of 3rd period - Shot Blocked by Maksim Rutenka.
15:02 of 3rd period - Tommy Van Loon is hit by Blaz Ivanic and loses puck.
15:14 of 3rd period - Icing by Bernt-Erik Takkinen.
15:15 of 3rd period - Linley Walgrove wins face-off versus Ivan Crete in Stormbreakers zone.
15:26 of 3rd period - Slapshot by Toby Hornbrook.
15:26 of 3rd period - Shot Misses the Net.
15:51 of 3rd period - Slapshot by Israel Swenson.
15:51 of 3rd period - Stopped by Derek Bhungal with a rebound.
16:11 of 3rd period - Slapshot by Konosuke Matsui.
16:11 of 3rd period - Deflect By Kenneth Pehrson.
16:11 of 3rd period - Stopped by Derek Bhungal with a rebound.
16:13 of 3rd period - Wrist shot by Jan Poulsen.
16:13 of 3rd period - Shot Blocked by Toby Hornbrook.
16:15 of 3rd period - Slapshot by Konosuke Matsui.
16:15 of 3rd period - Stopped by Derek Bhungal without a rebound.
16:16 of 3rd period - Maksim Rutenka wins face-off versus Israel Swenson in Twisters zone.
16:16 of 3rd period - Maksim Rutenka is hit by Rasmus Koso.
16:19 of 3rd period - Icing by Regis Kaylor.
16:20 of 3rd period - Maksim Rutenka wins face-off versus Zane Bourbonnais in Twisters zone.
16:47 of 3rd period - Slapshot by Regis Kaylor.
16:47 of 3rd period - Stopped by Karl Pyy with a rebound.
16:56 of 3rd period - Minor Penalty to Konosuke Matsui for Holding.
16:57 of 3rd period - Maksim Rutenka wins face-off versus Ivan Crete in Stormbreakers zone.
17:11 of 3rd period - Snap shot by Maksim Rutenka.
17:11 of 3rd period - Shot Misses the Net.
17:48 of 3rd period - Snap shot by Sterling Bosse.
17:48 of 3rd period - Shot Misses the Net.
17:54 of 3rd period - Mikhail Pervago is hit by Anrei Loukonen and loses puck.
18:14 of 3rd period - Icing by Daulton Millar.
18:15 of 3rd period - Maksim Rutenka wins face-off versus Wray Flamand in Twisters zone.
18:28 of 3rd period - Ivan Crete is hit by Kolby Whitecotton and loses puck.
18:56 of 3rd period - Penalty to Konosuke Matsui is over, Konosuke Matsui is back on ice.
18:59 of 3rd period - Snap shot by Anrei Loukonen.
18:59 of 3rd period - Shot Misses the Net.
19:11 of 3rd period - Jerri Narmala is hit by Kenneth Pehrson and loses puck.
19:14 of 3rd period - Twisters, Derek Bhungal is pulled from the net.
19:35 of 3rd period - Wrist shot by Konstantin Pastushenko.
19:35 of 3rd period - Deflect By Maksim Rutenka.
19:35 of 3rd period - Shot Misses the Net.
19:35 of 3rd period - Puck is out of play.
19:36 of 3rd period - Kent Gould call a timeout for Twisters.
19:36 of 3rd period - Ivan Crete wins face-off versus Maksim Rutenka in Stormbreakers zone.
Goals for this period are 0 for Twisters vs 0 for Stormbreakers.
Shots for this period are 3 for Twisters vs 9 for Stormbreakers.

3 STARS

1st Star
RW
37
G 2
A 0
+/- 1
TOI 19:03
2nd Star
RW
0
G 1
A 0
+/- 0
TOI 08:13
3rd Star
D
66
G 0
A 1
+/- 2
TOI 22:08

Game Stats

TWI
VS
STM
2 Goals 3
27 Shots 39
11 Blocked Shots 11
24 Missed Shots 19
50.8 Faceoff % 49.2
3 Power Plays 2
0 Power Play Goals 1
0 Power Play % 0.5

GAME DETAILS

VENUE
Unknown
CITY
Unknown
REFEREES
Don Koharski, Kerry Fraser
LINESMEN
Michael Ifkovits, Jesse Marquis
ATTENDANCE
17,586